[Event "18th Charleroi Experts 2019"]
[Site "Charleroi"]
[Date "2019.07.27"]
[Round "1.1"]
[White "Hamblok, Roel"]
[Black "Cools, Gorik"]
[Result "0-1"]
[ECO "E05"]
[WhiteElo "2261"]
[BlackElo "2280"]
[Annotator "NA"]
[PlyCount "68"]
[EventDate "2019.07.22"]
[EventType "tourn"]
[EventCountry "BEL"]
[SourceTitle "playchess.com"]
[Source "ChessBase"]
[SourceQuality "1"]
[TimeControl "40/5400+30:1800+30"]

1. d4 Nf6 2. c4 e6 3. g3 d5 4. Nf3 Be7 5. Bg2 O-O 6. O-O dxc4 7. Qc2 a6 8. a4 Bd7 9. Qxc4 Bc6 10. Bf4 Bd6 11. Bg5 Nbd7 12. Nc3 h6 13. Bxf6 Nxf6 14. Rfe1 Bd5 15. Qd3 Bxf3 16. Bxf3 c6 17. Red1 a5 18. e4 e5 19. d5 Bc5 20. dxc6 bxc6 21. Qxd8 Rfxd8 22. Ne2 Ba7 23. Rxd8+ Rxd8 24. Rc1 Rd6 25. Rc4 Nd7 26. Nc1 Rd2 27. Be2 Bd4 28. Kf1 Rxb2 29. Rxc6 Nc5 30. Rc8+ Kh7 31. Ke1 Rb1 32. Kd1 Nxa4 33. f3 Be3 34. Ba6 Nc5 0-1

[Event "18th Charleroi Experts 2019"]
[Site "Charleroi"]
[Date "2019.07.27"]
[Round "1.2"]
[White "Dardha, Daniel"]
[Black "Dgebuadze, Alexandre"]
[Result "0-1"]
[ECO "D35"]
[WhiteElo "2420"]
[BlackElo "2495"]
[Annotator "ChessBase"]
[PlyCount "70"]
[EventDate "2019.07.22"]
[EventType "tourn"]
[EventCountry "BEL"]
[SourceTitle "playchess.com"]
[Source "ChessBase"]
[SourceQuality "1"]
[TimeControl "40/5400+30:1800+30"]

1. d4 Nf6 2. Nf3 e6 3. c4 d5 4. cxd5 exd5 5. Bg5 Be7 6. e3 Bf5 7. Nc3 c6 8. Bd3 Bxd3 9. Qxd3 Nbd7 10. O-O O-O 11. h3 Re8 12. Rab1 a5 13. Bf4 Nf8 14. Ne5 Ng6 15. Bg3 Nxe5 16. dxe5 Nd7 17. Rbd1 Bb4 18. a3 Nc5 19. Qd4 Bxc3 20. bxc3 Qe7 21. Bh4 Qf8 22. a4 Ne6 23. Qg4 Qc5 24. Kh1 Qc4 25. f4 Qe4 26. Qg3 Nc5 27. Rd4 Qg6 28. Qf3 Qc2 29. f5 Rxe5 30. f6 g6 31. Qf4 Rf5 32. Qh6 Rxf1+ 33. Kh2 Ne6 34. Be1 Rxf6 35. Rh4 g5 0-1

[Event "18th Charleroi Experts 2019"]
[Site "Charleroi"]
[Date "2019.07.27"]
[Round "1.3"]
[White "Sterck, Arno"]
[Black "Ringoir, Tanguy"]
[Result "1-0"]
[ECO "E32"]
[WhiteElo "2316"]
[BlackElo "2503"]
[Annotator "ChessBase"]
[PlyCount "79"]
[EventDate "2019.07.22"]
[EventType "tourn"]
[EventCountry "BEL"]
[SourceTitle "playchess.com"]
[Source "ChessBase"]
[SourceQuality "1"]
[TimeControl "40/5400+30:1800+30"]

1. d4 Nf6 2. c4 e6 3. Nc3 Bb4 4. Qc2 O-O 5. a3 Bxc3+ 6. Qxc3 b6 7. Bg5 Bb7 8. f3 h6 9. Bh4 d5 10. e3 Nbd7 11. cxd5 Nxd5 12. Bxd8 Nxc3 13. Be7 Rfe8 14. Bh4 Nd5 15. Bf2 e5 16. e4 exd4 17. O-O-O Nf4 18. Bxd4 Rad8 19. Ne2 Ne6 20. Be3 Ba6 21. Nc3 Bxf1 22. Rhxf1 Ne5 23. Rxd8 Rxd8 24. Rd1 Rxd1+ 25. Kxd1 Nc4 26. Bc1 Nd4 27. Ne2 Nxe2 28. Kxe2 c6 29. f4 f6 30. Kd3 Nd6 31. f5 Kf7 32. Bf4 Ke7 33. g4 Nf7 34. Kd4 Kd7 35. h4 a5 36. a4 Nd8 37. e5 b5 38. exf6 gxf6 39. Bxh6 bxa4 40. Bf4 1-0

[Event "18th Charleroi Experts 2019"]
[Site "Charleroi"]
[Date "2019.07.27"]
[Round "1.4"]
[White "Lenaerts, Lennert"]
[Black "Van der Stricht, Geert"]
[Result "1-0"]
[ECO "A11"]
[WhiteElo "2355"]
[BlackElo "2374"]
[Annotator "NA"]
[PlyCount "85"]
[EventDate "2019.07.22"]
[EventType "tourn"]
[EventCountry "BEL"]
[SourceTitle "playchess.com"]
[Source "ChessBase"]
[SourceQuality "1"]
[TimeControl "40/5400+30:1800+30"]

1. Nf3 d5 2. c4 c6 3. g3 dxc4 4. Bg2 b5 5. O-O Nf6 6. a4 Bb7 7. b3 b4 8. bxc4 c5 9. a5 a6 10. Bb2 Nbd7 11. e3 g6 12. d4 Bg7 13. Nbd2 O-O 14. Qe2 Qc7 15. Nb3 Ne4 16. Rac1 Rac8 17. Rfd1 Bc6 18. Qc2 Ndf6 19. Ne5 Ba4 20. Ra1 Bxb3 21. Qxb3 Rfd8 22. Nd3 cxd4 23. Bxd4 Qxc4 24. Qxb4 Bf8 25. Qxc4 Rxc4 26. Bf1 Ra8 27. Rdc1 Rxc1 28. Rxc1 Rb8 29. Ne5 Nd2 30. Bxa6 Ra8 31. Rc6 Nd5 32. Bb7 Rxa5 33. Rc8 Nf6 34. Kg2 Nb3 35. Bb2 Nc5 36. Bf3 Rb5 37. Ba3 Ncd7 38. Nxd7 Nxd7 39. Rd8 Nc5 40. Bc6 Ra5 41. Bb4 Ra7 42. Bxc5 Rc7 43. Bb4 1-0

[Event "18th Charleroi Experts 2019"]
[Site "Charleroi"]
[Date "2019.07.27"]
[Round "1.5"]
[White "Hovhannisyan, Mher"]
[Black "Real, Thibault"]
[Result "1/2-1/2"]
[ECO "E65"]
[WhiteElo "2444"]
[BlackElo "2262"]
[Annotator "NA"]
[PlyCount "75"]
[EventDate "2019.07.22"]
[EventType "tourn"]
[EventCountry "BEL"]
[SourceTitle "playchess.com"]
[Source "ChessBase"]
[SourceQuality "1"]
[TimeControl "40/5400+30:1800+30"]

1. d4 Nf6 2. Nf3 g6 3. g3 Bg7 4. Bg2 O-O 5. O-O d6 6. b3 c5 7. Bb2 cxd4 8. Nxd4 Qc7 9. c4 Nc6 10. Nc3 Bd7 11. Rc1 Qa5 12. e3 Rfc8 13. Qe2 Rab8 14. Rfd1 a6 15. a3 Bg4 16. f3 Bd7 17. b4 Qh5 18. Nb3 Ne5 19. c5 Be6 20. Nd2 dxc5 21. bxc5 Rxc5 22. Nce4 Nxe4 23. Nxe4 Rxc1 24. Rxc1 Bd5 25. g4 Qh4 26. Rc5 Bxe4 27. Bxe5 Bxe5 28. Rxe5 Bc6 29. Qd2 e6 30. g5 Qa4 31. Qd6 Re8 32. f4 Bxg2 33. Kxg2 Qc6+ 34. Qxc6 bxc6 35. Rc5 Rc8 36. Kf3 Kf8 37. Ra5 c5 38. Rxa6 1/2-1/2

[Event "18th Charleroi Experts 2019"]
[Site "Charleroi"]
[Date "2019.07.29"]
[Round "3.1"]
[White "Dardha, Daniel"]
[Black "Cools, Gorik"]
[Result "1-0"]
[ECO "A16"]
[WhiteElo "2420"]
[BlackElo "2280"]
[Annotator "NA"]
[PlyCount "39"]
[EventDate "2019.07.22"]
[EventType "tourn"]
[EventCountry "BEL"]
[SourceTitle "playchess.com"]
[Source "ChessBase"]
[SourceQuality "1"]
[TimeControl "40/5400+30:1800+30"]

1. Nf3 Nf6 2. c4 g6 3. Nc3 d5 4. cxd5 Nxd5 5. e4 Nxc3 6. dxc3 Qxd1+ 7. Kxd1 Nd7 8. Bf4 c6 9. Kc2 Bg7 10. Nd2 Ne5 11. Nc4 Nxc4 12. Bxc4 O-O 13. Rhd1 Re8 14. a4 e5 15. Bg5 h6 16. Be3 a5 17. Rd6 g5 18. Bb6 Bf8 19. Rg6+ Kh7 20. Rf6 1-0

[Event "18th Charleroi Experts 2019"]
[Site "Charleroi"]
[Date "2019.07.29"]
[Round "3.2"]
[White "Sterck, Arno"]
[Black "Hamblok, Roel"]
[Result "1/2-1/2"]
[ECO "E51"]
[WhiteElo "2316"]
[BlackElo "2261"]
[Annotator "NA"]
[PlyCount "40"]
[EventDate "2019.07.22"]
[EventType "tourn"]
[EventCountry "BEL"]
[SourceTitle "playchess.com"]
[Source "ChessBase"]
[SourceQuality "1"]
[TimeControl "40/5400+30:1800+30"]

1. d4 Nf6 2. Nf3 d5 3. c4 e6 4. Nc3 Bb4 5. Bd2 O-O 6. e3 c5 7. a3 Bxc3 8. Bxc3 Ne4 9. Rc1 Nxc3 10. Rxc3 cxd4 11. Qxd4 Nc6 12. Qc5 Ne7 13. Qd4 b6 14. Bd3 Bb7 15. Qg4 h6 16. O-O dxc4 17. Bxc4 Nd5 18. Rd3 Qf6 19. Qd4 Rac8 20. Rfd1 Qxd4 1/2-1/2

[Event "18th Charleroi Experts 2019"]
[Site "Charleroi"]
[Date "2019.07.29"]
[Round "3.3"]
[White "Lenaerts, Lennert"]
[Black "Dgebuadze, Alexandre"]
[Result "0-1"]
[ECO "A40"]
[WhiteElo "2355"]
[BlackElo "2495"]
[Annotator "ChessBase"]
[PlyCount "48"]
[EventDate "2019.07.22"]
[EventType "tourn"]
[EventCountry "BEL"]
[SourceTitle "playchess.com"]
[Source "ChessBase"]
[SourceQuality "1"]
[TimeControl "40/5400+30:1800+30"]

1. d4 e6 2. c4 Bb4+ 3. Bd2 a5 4. g3 Nc6 5. Nf3 d6 6. a3 Bxd2+ 7. Qxd2 Nf6 8. Nc3 O-O 9. Bg2 e5 10. dxe5 dxe5 11. Rd1 Qxd2+ 12. Rxd2 Be6 13. Nd5 Rad8 14. Nxc7 Bxc4 15. Rxd8 Rxd8 16. Nd2 Nd4 17. e3 Nc2+ 18. Kd1 Bd3 19. Bf1 Bg6 20. Ke2 Ng4 21. Bg2 Bd3+ 22. Kf3 h5 23. h3 Nh2+ 24. Rxh2 Ne1# 0-1

[Event "18th Charleroi Experts 2019"]
[Site "Charleroi"]
[Date "2019.07.29"]
[Round "3.4"]
[White "Hovhannisyan, Mher"]
[Black "Ringoir, Tanguy"]
[Result "0-1"]
[ECO "E05"]
[WhiteElo "2444"]
[BlackElo "2503"]
[Annotator "ChessBase"]
[PlyCount "102"]
[EventDate "2019.07.22"]
[EventType "tourn"]
[EventCountry "BEL"]
[SourceTitle "playchess.com"]
[Source "ChessBase"]
[SourceQuality "1"]
[TimeControl "40/5400+30:1800+30"]

1. Nf3 Nf6 2. g3 d5 3. Bg2 e6 4. d4 Be7 5. O-O O-O 6. c4 dxc4 7. Ne5 Nc6 8. Nxc6 bxc6 9. Na3 Bxa3 10. bxa3 Ba6 11. Qd2 Rb8 12. Rd1 Nd5 13. Qa5 Qc8 14. a4 c3 15. Ba3 Bxe2 16. Re1 Qa6 17. Qxa6 Bxa6 18. Bxf8 Kxf8 19. Bxd5 cxd5 20. Rec1 Ke7 21. Rxc3 Bc4 22. a3 Kd6 23. Rac1 e5 24. dxe5+ Kxe5 25. Rxc4 dxc4 26. Rxc4 Rb7 27. Rc1 Kd6 28. Rd1+ Kc6 29. Rc1+ Kd7 30. Kg2 c6 31. Rd1+ Ke6 32. Re1+ Kd5 33. Rd1+ Ke4 34. f3+ Ke3 35. Rc1 Rc7 36. Rc5 Kd4 37. Rc1 c5 38. Kf2 c4 39. Rd1+ Kc3 40. Rd8 Kb2 41. Rb8+ Kxa3 42. Ke2 Rd7 43. a5 c3 44. a6 c2 45. Rc8 Kb2 46. Rb8+ Kc1 47. Rb7 Rd2+ 48. Ke1 Rd6 49. Rxa7 Kb2 50. Rb7+ Ka3 51. Rc7 Rd1+ 0-1

[Event "18th Charleroi Experts 2019"]
[Site "Charleroi"]
[Date "2019.07.29"]
[Round "3.5"]
[White "Real, Thibault"]
[Black "Van der Stricht, Geert"]
[Result "0-1"]
[ECO "D00"]
[WhiteElo "2262"]
[BlackElo "2374"]
[Annotator "ChessBase"]
[PlyCount "108"]
[EventDate "2019.07.22"]
[EventType "tourn"]
[EventCountry "BEL"]
[SourceTitle "playchess.com"]
[Source "ChessBase"]
[SourceQuality "1"]
[TimeControl "40/5400+30:1800+30"]

1. d4 Nf6 2. Bf4 d5 3. e3 Bg4 4. f3 Bd7 5. Bd3 c5 6. c3 e6 7. Ne2 Nc6 8. Bg3 Qb6 9. b3 Be7 10. O-O O-O 11. Kh1 g6 12. a3 a5 13. a4 Nh5 14. Bf2 e5 15. Bb5 exd4 16. exd4 cxd4 17. Nxd4 Bc5 18. Na3 Nxd4 19. Bxd4 Bxd4 20. cxd4 Be6 21. Qd2 Ng7 22. Rfc1 Rfc8 23. Bf1 Rxc1 24. Qxc1 Qxd4 25. Nb5 Qe5 26. Ra2 Rc8 27. Qd1 Nf5 28. Re2 Qf4 29. g3 Qxf3+ 30. Bg2 Rc1 31. Bxf3 Rxd1+ 32. Kg2 Rb1 33. Rd2 Rxb3 34. Nc7 Rb4 35. Nxd5 Bxd5 36. Bxd5 Ne3+ 37. Kf3 Nxd5 38. Rxd5 b6 39. Rd6 h5 40. Rc6 Kg7 41. h4 Kf8 42. Kg2 Ke7 43. Kf3 b5 44. axb5 Rxb5 45. Ra6 Rf5+ 46. Kg2 Kd7 47. Ra8 Kc7 48. Re8 Kb7 49. Rd8 a4 50. Rd7+ Kb6 51. Rd6+ Kb5 52. Rd8 a3 53. Ra8 Kb4 54. Ra7 Ra5 0-1

[Event "18th Charleroi Experts 2019"]
[Site "Charleroi"]
[Date "2019.07.29"]
[Round "4.4"]
[White "Hamblok, Roel"]
[Black "Lenaerts, Lennert"]
[Result "1/2-1/2"]
[ECO "E14"]
[WhiteElo "2261"]
[BlackElo "2355"]
[Annotator "NA"]
[PlyCount "41"]
[EventDate "2019.07.22"]
[EventType "tourn"]
[EventCountry "BEL"]
[SourceTitle "playchess.com"]
[Source "ChessBase"]
[SourceQuality "1"]
[TimeControl "40/5400+30:1800+30"]

1. Nf3 d5 2. e3 Nf6 3. c4 e6 4. d4 Be7 5. Nc3 O-O 6. b3 b6 7. Bb2 Bb7 8. cxd5 exd5 9. Bd3 Nbd7 10. O-O a6 11. Rc1 Bd6 12. Ne2 Ne4 13. Qc2 Rc8 14. Ng3 f5 15. Qe2 Ra8 16. Ne5 Qe7 17. f4 Qe6 18. Qh5 g6 19. Qh3 Ndf6 20. Nxe4 Nxe4 21. Kh1 1/2-1/2

[Event "18th Charleroi Experts 2019"]
[Site "Charleroi"]
[Date "2019.07.30"]
[Round "5.1"]
[White "Sterck, Arno"]
[Black "Cools, Gorik"]
[Result "1-0"]
[ECO "C55"]
[WhiteElo "2316"]
[BlackElo "2280"]
[Annotator "NA"]
[PlyCount "63"]
[EventDate "2019.07.22"]
[EventType "tourn"]
[EventCountry "BEL"]
[SourceTitle "playchess.com"]
[Source "ChessBase"]
[SourceQuality "1"]
[TimeControl "40/5400+30:1800+30"]

1. e4 e5 2. Nf3 Nc6 3. Bc4 Nf6 4. d3 Be7 5. O-O O-O 6. Re1 d6 7. a4 Rb8 8. c3 Bg4 9. Nbd2 d5 10. exd5 Nxd5 11. h3 Bh5 12. Ne4 Kh8 13. Ng3 Bg6 14. a5 Qd6 15. Ne4 Qd7 16. Bb5 Bd6 17. d4 Bxe4 18. Rxe4 Nf6 19. Nxe5 Qf5 20. Rf4 Qe6 21. Bc4 Qe8 22. Nxc6 Qxc6 23. d5 Qd7 24. Rf3 Rfe8 25. Be3 a6 26. Bb3 h6 27. Bxh6 gxh6 28. Rxf6 Kg7 29. Rf3 Re5 30. Qd4 Rbe8 31. Ba4 f6 32. Rg3+ 1-0

[Event "18th Charleroi Experts 2019"]
[Site "Charleroi"]
[Date "2019.07.30"]
[Round "5.2"]
[White "Lenaerts, Lennert"]
[Black "Dardha, Daniel"]
[Result "1/2-1/2"]
[ECO "A60"]
[WhiteElo "2355"]
[BlackElo "2420"]
[Annotator "NA"]
[PlyCount "104"]
[EventDate "2019.07.22"]
[EventType "tourn"]
[EventCountry "BEL"]
[SourceTitle "playchess.com"]
[Source "ChessBase"]
[SourceQuality "1"]
[TimeControl "40/5400+30:1800+30"]

1. d4 Nf6 2. c4 c5 3. d5 e6 4. Nc3 exd5 5. cxd5 Bd6 6. e4 O-O 7. Bd3 Bc7 8. Nf3 d6 9. h3 a6 10. a4 Nbd7 11. O-O Re8 12. Re1 Nf8 13. Bf4 Ng6 14. Bh2 Rb8 15. Nd2 Ne5 16. Bf1 Bd7 17. f4 Ng6 18. a5 Kh8 19. Nc4 Bb5 20. Nxb5 axb5 21. Nxd6 Qxd6 22. e5 Qd8 23. exf6 Qxf6 24. Rxe8+ Rxe8 25. Bxb5 Rd8 26. Qd2 h5 27. a6 bxa6 28. Rxa6 Qf5 29. Bc4 Qe4 30. Qd3 Qxd3 31. Bxd3 Nxf4 32. Bc4 Nxd5 33. Bxc7 Nxc7 34. Rc6 Rd1+ 35. Kh2 Ne6 36. Bxe6 fxe6 37. Rxc5 g6 38. Rc6 Rb1 39. Rxe6 Rxb2 40. Rxg6 Kh7 41. Re6 Rb3 42. Rf6 Kg7 43. Rf3 Rb4 44. Re3 Kg6 45. Kg3 Rb6 46. Re4 Ra6 47. Kf3 Rb6 48. g4 Rb3+ 49. Re3 hxg4+ 50. hxg4 Rxe3+ 51. Kxe3 Kg5 52. Ke4 Kxg4 1/2-1/2

[Event "18th Charleroi Experts 2019"]
[Site "Charleroi"]
[Date "2019.07.30"]
[Round "5.3"]
[White "Hovhannisyan, Mher"]
[Black "Hamblok, Roel"]
[Result "1-0"]
[ECO "A00"]
[WhiteElo "2444"]
[BlackElo "2261"]
[Annotator "NA"]
[PlyCount "61"]
[EventDate "2019.07.22"]
[EventType "tourn"]
[EventCountry "BEL"]
[SourceTitle "playchess.com"]
[Source "ChessBase"]
[SourceQuality "1"]
[TimeControl "40/5400+30:1800+30"]

1. a3 d5 2. b4 e5 3. Bb2 Bd6 4. e3 Nf6 5. c4 c6 6. Nf3 Qe7 7. Qc2 O-O 8. Be2 Re8 9. h3 Nbd7 10. cxd5 cxd5 11. Nc3 a6 12. g4 d4 13. exd4 e4 14. Nh4 Nb6 15. Ng2 Nfd5 16. Nxd5 Nxd5 17. Qb3 Be6 18. Bc4 Nf4 19. Nxf4 Bxc4 20. Qxc4 Bxf4 21. Qe2 a5 22. bxa5 Qh4 23. Kf1 Rxa5 24. Rc1 Ra6 25. Qxe4 Kf8 26. Qxf4 Rf6 27. Qh2 Qg5 28. Bc3 Qb5+ 29. Kg1 Qe2 30. d5 Qd3 31. Bxf6 1-0

[Event "18th Charleroi Experts 2019"]
[Site "Charleroi"]
[Date "2019.07.30"]
[Round "5.4"]
[White "Real, Thibault"]
[Black "Dgebuadze, Alexandre"]
[Result "0-1"]
[ECO "A45"]
[WhiteElo "2262"]
[BlackElo "2495"]
[Annotator "ChessBase"]
[PlyCount "86"]
[EventDate "2019.07.22"]
[EventType "tourn"]
[EventCountry "BEL"]
[SourceTitle "playchess.com"]
[Source "ChessBase"]
[SourceQuality "1"]
[TimeControl "40/5400+30:1800+30"]

1. d4 Nf6 2. Bf4 d6 3. Nc3 Nbd7 4. Nf3 c5 5. d5 b5 6. Nxb5 Qa5+ 7. Nc3 Rb8 8. Bd2 Rxb2 9. e4 Rb7 10. Bc4 g6 11. O-O Bg7 12. h3 O-O 13. Qe2 Nh5 14. Qd3 Nb6 15. Rab1 Nxc4 16. Qxc4 Rb4 17. Rxb4 cxb4 18. Qb5 Qxb5 19. Nxb5 Ba6 20. Nxa7 Bxf1 21. Kxf1 Ra8 22. Nc6 Kf8 23. Bxb4 Rxa2 24. e5 Ra1+ 25. Ne1 Ke8 26. exd6 exd6 27. g3 Nf6 28. c4 Ne4 29. Ke2 Ra2+ 30. Ke3 f5 31. Nd3 Bh6+ 32. Kd4 Bg7+ 33. Ke3 Rc2 34. Na5 Kd7 35. h4 Bh6+ 36. Kd4 Nxf2 37. c5 Bg7+ 38. Ke3 Ng4+ 39. Kf3 Nh2+ 40. Ke3 Ng4+ 41. Kf3 Nh2+ 42. Ke3 Bh6+ 43. Kd4 Nf3# 0-1

[Event "18th Charleroi Experts 2019"]
[Site "Charleroi"]
[Date "2019.07.30"]
[Round "5.5"]
[White "Van der Stricht, Geert"]
[Black "Ringoir, Tanguy"]
[Result "1/2-1/2"]
[ECO "D85"]
[WhiteElo "2374"]
[BlackElo "2503"]
[Annotator "ChessBase"]
[PlyCount "40"]
[EventDate "2019.07.22"]
[EventType "tourn"]
[EventCountry "BEL"]
[SourceTitle "playchess.com"]
[Source "ChessBase"]
[SourceQuality "1"]
[TimeControl "40/5400+30:1800+30"]

1. d4 Nf6 2. c4 g6 3. Nc3 d5 4. cxd5 Nxd5 5. e4 Nxc3 6. bxc3 Bg7 7. Be3 c5 8. Rc1 Qa5 9. Qd2 cxd4 10. cxd4 Qxd2+ 11. Bxd2 O-O 12. Nf3 e6 13. Bb5 Nc6 14. Be3 Rd8 15. Bxc6 bxc6 16. O-O Ba6 17. Rfd1 Bb5 18. Ne5 Rac8 19. f4 a5 20. Rd2 Bf8 1/2-1/2

[Event "18th Charleroi Experts 2019"]
[Site "Charleroi"]
[Date "2019.07.31"]
[Round "6.3"]
[White "Hamblok, Roel"]
[Black "Real, Thibault"]
[Result "1/2-1/2"]
[ECO "A46"]
[WhiteElo "2261"]
[BlackElo "2262"]
[Annotator "NA"]
[PlyCount "59"]
[EventDate "2019.07.22"]
[EventType "tourn"]
[EventCountry "BEL"]
[SourceTitle "playchess.com"]
[Source "ChessBase"]
[SourceQuality "1"]
[TimeControl "40/5400+30:1800+30"]

1. d4 Nf6 2. Nf3 d5 3. g3 e6 4. Bg2 Be7 5. O-O b5 6. a4 b4 7. c4 bxc3 8. Nxc3 a5 9. Bf4 c6 10. Ne5 O-O 11. Qb3 Ba6 12. Rfd1 Nfd7 13. e4 Nxe5 14. dxe5 Bc4 15. Qc2 Na6 16. b3 Nb4 17. Qb1 Ba6 18. Be3 f6 19. exd5 exd5 20. Be4 fxe5 21. Bxh7+ Kh8 22. Bg6 Bd6 23. Rd4 Qf6 24. Rh4+ Kg8 25. Rh5 Qf3 26. Bh7+ Kh8 27. Bg6+ Kg8 28. Bh7+ Kh8 29. Bg6+ Kg8 30. Bh7+ 1/2-1/2

[Event "18th Charleroi Experts 2019"]
[Site "Charleroi"]
[Date "2019.08.01"]
[Round "7.1"]
[White "Lenaerts, Lennert"]
[Black "Cools, Gorik"]
[Result "1/2-1/2"]
[ECO "A65"]
[WhiteElo "2355"]
[BlackElo "2280"]
[Annotator "NA"]
[PlyCount "96"]
[EventDate "2019.07.22"]
[EventType "tourn"]
[EventCountry "BEL"]
[SourceTitle "playchess.com"]
[Source "ChessBase"]
[SourceQuality "1"]
[TimeControl "40/5400+30:1800+30"]

1. d4 Nf6 2. c4 g6 3. f3 c5 4. d5 e6 5. Nc3 exd5 6. cxd5 d6 7. e4 Bg7 8. Be3 O-O 9. Qd2 Re8 10. a4 Na6 11. Nge2 Nb4 12. Nc1 Nd7 13. Be2 f5 14. O-O fxe4 15. Nxe4 Ne5 16. Bg5 Qc7 17. Na2 Nxa2 18. Rxa2 Rf8 19. a5 Bf5 20. Ng3 Bd7 21. Bh6 Rae8 22. Bxg7 Kxg7 23. Ra3 Nf7 24. Ne4 Bf5 25. Qc3+ Ne5 26. Ng3 Kg8 27. f4 Ng4 28. Bxg4 Bxg4 29. h3 Bf5 30. Qd2 Qf7 31. h4 Be4 32. f5 Qxd5 33. Nxe4 Qxe4 34. Qxd6 Rxf5 35. Rxf5 Qxf5 36. Rf3 Qe5 37. Rf8+ Kg7 38. Qxe5+ Rxe5 39. Ra8 a6 40. Rc8 Kh6 41. Rc7 c4 42. Rxb7 Rxa5 43. Rc7 Ra1+ 44. Kh2 Rb1 45. Rxc4 Rxb2 46. Rc7 a5 47. Ra7 Rb5 48. g4 Rb2+ 1/2-1/2

[Event "18th Charleroi Experts 2019"]
[Site "Charleroi"]
[Date "2019.08.01"]
[Round "7.2"]
[White "Hovhannisyan, Mher"]
[Black "Sterck, Arno"]
[Result "1/2-1/2"]
[ECO "A21"]
[WhiteElo "2444"]
[BlackElo "2316"]
[Annotator "NA"]
[PlyCount "37"]
[EventDate "2019.07.22"]
[EventType "tourn"]
[EventCountry "BEL"]
[SourceTitle "playchess.com"]
[Source "ChessBase"]
[SourceQuality "1"]
[TimeControl "40/5400+30:1800+30"]

1. c4 e5 2. e3 Nf6 3. Nc3 Bb4 4. Qc2 O-O 5. a3 Bxc3 6. Qxc3 Re8 7. d3 Nc6 8. e4 a5 9. Nf3 d6 10. h3 Nd7 11. Bg5 f6 12. Be3 Nc5 13. g4 Ne6 14. Be2 Qe7 15. Bd1 Bd7 16. Bc2 Nb4 17. Bd1 Nc6 18. Bc2 Nb4 19. Bd1 1/2-1/2

[Event "18th Charleroi Experts 2019"]
[Site "Charleroi"]
[Date "2019.08.01"]
[Round "7.3"]
[White "Real, Thibault"]
[Black "Dardha, Daniel"]
[Result "0-1"]
[ECO "A65"]
[WhiteElo "2262"]
[BlackElo "2420"]
[Annotator "NA"]
[PlyCount "78"]
[EventDate "2019.07.22"]
[EventType "tourn"]
[EventCountry "BEL"]
[SourceTitle "playchess.com"]
[Source "ChessBase"]
[SourceQuality "1"]
[TimeControl "40/5400+30:1800+30"]

1. d4 Nf6 2. c4 c5 3. d5 e6 4. Nc3 exd5 5. cxd5 d6 6. e4 g6 7. Nge2 Bg7 8. Ng3 O-O 9. Be2 Na6 10. O-O Nc7 11. Bg5 h6 12. Be3 Re8 13. Qd2 Kh7 14. h3 b5 15. f3 Bd7 16. e5 Rxe5 17. Bf4 Nfxd5 18. Bxe5 Bxe5 19. f4 Bd4+ 20. Kh2 Ne3 21. Bf3 Nxf1+ 22. Rxf1 Rc8 23. Nce2 Bf6 24. Qxd6 Ne8 25. Qd2 Bc6 26. Qc2 Bxf3 27. Rxf3 c4 28. Ne4 Nd6 29. f5 g5 30. N2g3 Nxe4 31. Qxe4 Qd6 32. Qb7 Rc7 33. Qxb5 Be5 34. f6 h5 35. Kg1 Bxg3 36. Qxg5 Qd4+ 37. Qe3 Qxe3+ 38. Rxe3 h4 39. Re7 Kg6 0-1

[Event "18th Charleroi Experts 2019"]
[Site "Charleroi"]
[Date "2019.08.01"]
[Round "7.4"]
[White "Van der Stricht, Geert"]
[Black "Hamblok, Roel"]
[Result "1/2-1/2"]
[ECO "E56"]
[WhiteElo "2374"]
[BlackElo "2261"]
[Annotator "NA"]
[PlyCount "41"]
[EventDate "2019.07.22"]
[EventType "tourn"]
[EventCountry "BEL"]
[SourceTitle "playchess.com"]
[Source "ChessBase"]
[SourceQuality "1"]
[TimeControl "40/5400+30:1800+30"]

1. d4 Nf6 2. c4 e6 3. Nc3 Bb4 4. e3 O-O 5. Bd3 d5 6. Nf3 dxc4 7. Bxc4 c5 8. O-O Nc6 9. a3 Ba5 10. Na4 cxd4 11. exd4 h6 12. b4 Bc7 13. Bb2 Ne7 14. Ne5 b6 15. Qe2 Bb7 16. Rfd1 Nfd5 17. g3 Rb8 18. Rac1 Qd6 19. Bd3 Rbe8 20. b5 Bb8 21. Bb1 1/2-1/2

[Event "18th Charleroi Experts 2019"]
[Site "Charleroi"]
[Date "2019.08.01"]
[Round "7.5"]
[White "Ringoir, Tanguy"]
[Black "Dgebuadze, Alexandre"]
[Result "1/2-1/2"]
[ECO "E11"]
[WhiteElo "2503"]
[BlackElo "2495"]
[Annotator "ChessBase"]
[PlyCount "25"]
[EventDate "2019.07.22"]
[EventType "tourn"]
[EventCountry "BEL"]
[SourceTitle "playchess.com"]
[Source "ChessBase"]
[SourceQuality "1"]
[TimeControl "40/5400+30:1800+30"]

1. d4 Nf6 2. c4 e6 3. Nf3 Bb4+ 4. Bd2 Be7 5. g3 d5 6. Bg2 c6 7. Qc2 O-O 8. O-O Nbd7 9. Bf4 Nh5 10. Bc1 Nhf6 11. Bf4 Nh5 12. Bc1 Nhf6 13. Bf4 1/2-1/2

[Event "18th Charleroi Experts 2019"]
[Site "Charleroi"]
[Date "2019.08.02"]
[Round "8.1"]
[White "Cools, Gorik"]
[Black "Dgebuadze, Alexandre"]
[Result "1-0"]
[ECO "A08"]
[WhiteElo "2280"]
[BlackElo "2495"]
[Annotator "ChessBase"]
[PlyCount "71"]
[EventDate "2019.07.22"]
[EventType "tourn"]
[EventCountry "BEL"]
[SourceTitle "playchess.com"]
[Source "ChessBase"]
[SourceQuality "1"]
[TimeControl "40/5400+30:1800+30"]

1. e4 e6 2. d3 d5 3. Nd2 c5 4. g3 g6 5. Bg2 Bg7 6. Ngf3 Nc6 7. O-O Nf6 8. Re1 O-O 9. c3 a5 10. exd5 exd5 11. Nb3 b6 12. a4 Ra7 13. d4 c4 14. Nbd2 Re8 15. Rxe8+ Qxe8 16. b3 cxb3 17. Qxb3 Re7 18. Ba3 Re6 19. Qxb6 Nb4 20. Qb8 Nd7 21. Qc7 Nc2 22. Ra2 Nxa3 23. Rxa3 Nb6 24. Rb3 Rc6 25. Qa7 Nc4 26. Nxc4 Rxc4 27. Bf1 Bf8 28. Bxc4 dxc4 29. Rb1 Qe4 30. Qxf7+ Kxf7 31. Ng5+ Kf6 32. Nxe4+ Kf5 33. f3 Bd7 34. Rb6 Be7 35. Ra6 Bd8 36. Rd6 1-0

[Event "18th Charleroi Experts 2019"]
[Site "Charleroi"]
[Date "2019.08.02"]
[Round "8.2"]
[White "Hamblok, Roel"]
[Black "Ringoir, Tanguy"]
[Result "1/2-1/2"]
[ECO "E05"]
[WhiteElo "2261"]
[BlackElo "2503"]
[Annotator "ChessBase"]
[PlyCount "107"]
[EventDate "2019.07.22"]
[EventType "tourn"]
[EventCountry "BEL"]
[SourceTitle "playchess.com"]
[Source "ChessBase"]
[SourceQuality "1"]
[TimeControl "40/5400+30:1800+30"]

1. d4 Nf6 2. Nf3 d5 3. g3 e6 4. Bg2 Be7 5. O-O O-O 6. c4 dxc4 7. Qc2 a6 8. a4 Bd7 9. Qxc4 Bc6 10. Bg5 Bd5 11. Qc2 Be4 12. Qc1 h6 13. Bxf6 Bxf6 14. Nbd2 Bh7 15. Rd1 a5 16. Nc4 c6 17. Qf4 Na6 18. h4 Nb4 19. e4 Qb8 20. Qxb8 Rfxb8 21. Nfe5 Rd8 22. Rac1 Be7 23. h5 Kf8 24. Kf1 Ke8 25. Ke2 Ra6 26. f4 f5 27. Ng6 fxe4 28. Bxe4 Bf6 29. Ke3 Nd5+ 30. Kf3 Nb6 31. Nge5 Bxe4+ 32. Kxe4 Nxa4 33. b3 Nb6 34. Ra1 Nxc4 35. bxc4 b5 36. Rdc1 b4 37. Rcb1 Rb8 38. Nd3 Rd8 39. Ne5 Bxe5 40. Kxe5 Raa8 41. Ra4 Ke7 42. Ke4 Rdb8 43. Ke5 c5 44. d5 Rb6 45. Rba1 b3 46. dxe6 Rb4 47. Rxa5 Rxa5 48. Rxa5 b2 49. Ra7+ Ke8 50. Ra8+ Ke7 51. Ra7+ Kd8 52. Ra8+ Ke7 53. Ra7+ Ke8 54. Ke4 1/2-1/2